 Dungeon Crawl Stone Soup version 0.30-a0-639-g3916f1956a (webtiles) character file.

Game seed: 15155373328219133225

135 Mitcholas the Chopper (level 5, -21/32 HPs)
             Began as a Gargoyle Fighter on Jan 16, 2023.
             Demolished by an ogre
             ... wielding a +0 giant club
              (23 damage)
             ... on level 3 of the Dungeon.
             The game lasted 00:02:07 (1648 turns).

Mitcholas the Chopper (Gargoyle Fighter)            Turns: 1648, Time: 00:02:08

Health: -21/32     AC: 10    Str: 21    XL:     5   Next: 18%
Magic:  5/5        EV:  9    Int:  9    God:
Gold:   141        SH:  4    Dex:  9    Spells: 4/4 levels left

rFire   . . .      SeeInvis .    a - +0 war axe
rCold   . . .      Faith    .    c - +0 buckler
rNeg    + . .      Spirit   .    b - +0 scale mail
rPois   ∞          Reflect  .    (no helmet)
rElec   +          Harm     .    (no cloak)
rCorr   .          Rampage  .    (no gloves)
Will    .....                    (no boots) Stlth
                                 e - amulet of the acrobat
HPRegen 0.25/turn                (no ring)
MPRegen 0.09/turn                (no ring)

@: no status effects
A: sickness immunity, AC +4, negative energy resistance 1, electricity
resistance, torment resistance 1, petrification resistance
a: no special abilities


You were on level 3 of the Dungeon.
You visited 1 branch of the dungeon, and saw 3 of its levels.

You collected 141 gold pieces.

Inventory:

Hand Weapons
 a - a +0 war axe (weapon)
Armour
 b - a +0 scale mail (worn)
 c - a +0 buckler (worn)
Jewellery
 e - an amulet of the acrobat (around neck)
Scrolls
 f - a scroll of summoning {unknown}
 g - 3 scrolls of identify {unknown}
 l - a scroll of fog {unknown}
 n - a scroll of torment {unknown}
 o - 3 scrolls of teleportation {unknown}
Potions
 d - a potion of might
 h - 4 potions of curing {unknown}
 i - a potion of attraction {unknown}
 j - a potion of lignification {unknown}
 k - 2 potions of heal wounds {unknown}
 m - a potion of flight {unknown}
 p - a potion of cancellation {unknown}
 q - a potion of magic {unknown}
 r - a potion of resistance {unknown}
 s - a potion of mutation {unknown}


   Skills:
 - Level 3.2 Fighting
 + Level 4.7 Axes
 - Level 3.2 Armour
 - Level 3.2 Shields


You had 4 spell levels left.
You didn't know any spells.
Your spell library was empty.

Dungeon Overview and Level Annotations

Branches:
Dungeon (3/15)

Altars:


Innate Abilities, Weirdness & Mutations

You are immune to sickness and miasma.
Your stone body is resilient. (AC +4)
You are immune to poison.
You resist negative energy. (rN+)
You are resistant to electric shocks. (rElec)
You are resistant to unholy torment.
You are immune to petrification.


Message History

No target in view!
No target in view!
No target in view!
No target in view!
No target in view!
No target in view!
g - 3 scrolls labelled OBEES NISHODU (gained 1)
r - a ruby potion
Found a stone staircase leading up.
s - an emerald potion As you open the door, it creaks loudly!
An ogre and 5 goblins come into view.
The goblin shouts!
The ogre shouts!
The goblin shouts! x3
The goblin unwields a +0 club.
The goblin wields a +0 sling.
The goblin shoots a sling bullet.
The sling bullet hits you.
A goblin comes into view. It is wielding a +0 dagger.
The goblin shouts!
Found 9 large rocks.
There are monsters nearby!
There are monsters nearby!
There are monsters nearby!
There are monsters nearby!
You aren't carrying any items that you can evoke.
You hear a shout!
You hit the goblin.
The goblin is almost dead.
You block the goblin's attack.
You hit the goblin.
You kill the goblin!
The ogre hits you with a +0 giant club!
You barely miss the ogre. You slash the ogre!
The ogre is heavily wounded.
The ogre hits you with a +0 giant club!
* * * LOW HITPOINT WARNING * * *
You barely miss the ogre.
The ogre is heavily wounded.
The ogre hits you with a +0 giant club!!
Ouch! That really hurt!
You die...

####.####.#
#.##.##...#
..##.####.#### #.##.#
#.##.. #....# #.##gg
### #.#### #.##(. #.#
..# #..##g## #.#
†.#######.....g####.#
.............ggO@.#.#
..............g##...#
..#####........####.#
.................##.#
..##.#..............#
.............##.#####
.............##.# ...
.........##.# ...
##..#....##.#


You could see an ogre and 5 goblins.

Vanquished Creatures
  Jessica (D:2)
  Terence (D:2)
  4 adders
  A worm (D:3)
  2 bats
  4 endoplasms
  4 giant cockroaches (D:1)
  4 goblins
  4 hobgoblins
  3 jackals (D:3)
  2 quokkas
  8 ball pythons
  A frilled lizard (D:1)
  2 kobolds
  4 rats
45 creatures vanquished.

Notes
Turn   | Place    | Note
-------+----------+-------------------------------------------
     0 | D:1      | Mitcholas the Gargoyle Fighter began the quest for the Orb.
     0 | D:1      | Reached XP level 1. HP: 14/14 MP: 1/1
    19 | D:1      | Found a faded altar of an unknown god.
   211 | D:1      | Reached skill level 2 in Axes
   297 | D:1      | Reached XP level 2. HP: 18/19 MP: 2/2
   505 | D:1      | Reached skill level 3 in Axes
   632 | D:1      | Reached XP level 3. HP: 23/23 MP: 3/3
   949 | D:2      | Noticed Terence
   962 | D:2      | Killed Terence
  1132 | D:2      | Reached XP level 4. HP: 24/28 MP: 4/4
  1186 | D:2      | Noticed Jessica
  1197 | D:2      | HP: 1/28 [Jessica/+0 dagger of speed (4)]
  1198 | D:2      | Killed Jessica
  1199 | D:2      | Reached skill level 4 in Axes
  1515 | D:3      | Reached XP level 5. HP: 30/32 MP: 5/5
  1641 | D:3      | Noticed an ogre
  1648 | D:3      | Demolished by an ogre

Illustrated notes

Levels and vault maps discovered:
D:1:      onia_arrival_mini_spirals, layout_basic, ebering_ecumenical_altar_rust
D:2:      layout_rooms, uniq_terence, uniq_jessica
D:3:      layout_basic, minmay_ogre_servants

Skill      XL: |  1  2  3  4 |
---------------+-------------+-----
Axes           | 2 3 4 |  4.7
Fighting       | |  3.2
Armour         | |  3.2
Shields        | |  3.2

Action                   |  1- 3 |  4- 6 || total
-------------------------+-------+-------++-------
Melee: War axe           |    65 |    76 ||   141
Armor: Scale mail        |    32 |    46 ||    78
Dodge: Dodged            |    38 |    44 ||    82
Block: Buckler           |     9 |    10 ||    19

Table legend: (Time is in decaauts)
 A = Elapsed time spent in this place.
 B = Non-inter-level travel time spent in this place.
 C = Inter-level travel time spent in this place.
 D = Time resting spent in this place.
 E = Time spent auto-exploring this place.
 F = Levels seen in this place.
 G = Mean time per level.
                   A        B        C        D        E       F      G
               +--------+--------+--------+--------+--------+-----+--------+
         Total |   1698 |   1636 |     62 |    106 |   1188 |   3 |  566.0 |
       Dungeon |   1698 |   1636 |     62 |    106 |   1188 |   3 |  566.0 |
               +--------+--------+--------+--------+--------+-----+--------+

Top non-repeatable levels by time:
     D:1: 848 daAuts
     D:2: 620 daAuts
     D:3: 229 daAuts
